MWL (24 & UNDER)
BEMIDJI BENDERS @ MANHATTEN MEATHEADS
07/16/2024
 
TOP OF THE 1ST
Bemidji Benders batting - Pitching for Manhatten Meatheads : LHP Juan Mendoza
Pitching: LHP Juan Mendoza
Batting: SHB Bob Noble 0-0: Ball
1-0: Ball
2-0: Foul Ball, location: 2F
2-1: Foul Ball, location: 2F
2-2: Fly out, F6 (Popup, 6)
Batting: RHB Jesse Nelson 0-0: Ball
1-0: Called Strike
1-1: SINGLE (Flyball, 8LS)
Batting: RHB Júlio Valdés 0-0: Foul Ball, location: 2F
0-1: Ground out U3 (Groundball, 3S)
Jesse Nelson to second
Batting: LHB Jesús Raugel 0-0: Ball
1-0: Called Strike
1-1: Swinging Strike
1-2: Strikes out looking
Top of the 1st over - 0 run(s), 1 hit(s), 0 error(s), 1 left on base; Bemidji 0 - Manhatten 0
BOTTOM OF THE 1ST
Manhatten Meatheads batting - Pitching for Bemidji Benders : RHP Sixto Santiago
Pitching: RHP Sixto Santiago
Batting: SHB Will Evans 0-0: Ball
1-0: Fly out, F8 (Flyball, 8LM)
Batting: RHB Alfredo Díaz 0-0: Ball
1-0: Fly out, F9 (Line Drive, 9M)
Batting: RHB Juan Reyes 0-0: Ground out 6-3 (Groundball, 56)
Bottom of the 1st over - 0 run(s), 0 hit(s), 0 error(s), 0 left on base; Bemidji 0 - Manhatten 0
TOP OF THE 2ND
Bemidji Benders batting - Pitching for Manhatten Meatheads : LHP Juan Mendoza
Batting: RHB Gabriel Stout 0-0: Ground out 5-3 (Groundball, 5)
Batting: LHB Tony O'Bryan 0-0: Called Strike
0-1: Called Strike
0-2: Foul Ball, location: 2F
0-2: Strikes out swinging
Batting: LHB Raúl Morales 0-0: Swinging Strike
0-1: Swinging Strike
0-2: Ground out U3 (Groundball, 3)
Top of the 2nd over - 0 run(s), 0 hit(s), 0 error(s), 0 left on base; Bemidji 0 - Manhatten 0
BOTTOM OF THE 2ND
Manhatten Meatheads batting - Pitching for Bemidji Benders : RHP Sixto Santiago
Batting: RHB Adrián López 0-0: Called Strike
0-1: Ball
1-1: SINGLE (Flyball, 8LS)
Batting: SHB Kent Phillips 0-0: Called Strike
0-1: Foul Ball, location: 2F
0-2: Strikes out swinging
Batting: SHB Vitaliano Capuana 0-0: Called Strike
0-1: Ball
1-1: Ball
2-1: Ball
3-1: Foul Ball, location: 2F
3-2: Strikes out swinging
Batting: RHB Mark McDonald 0-0: Called Strike
0-1: Called Strike
0-2: Ball
1-2: Ball
2-2: Ball
3-2: Strikes out swinging
Bottom of the 2nd over - 0 run(s), 1 hit(s), 0 error(s), 1 left on base; Bemidji 0 - Manhatten 0
TOP OF THE 3RD
Bemidji Benders batting - Pitching for Manhatten Meatheads : LHP Juan Mendoza
Batting: RHB Roberto Solís 0-0: Foul Ball, location: 2F
0-1: Fly out, F8 (Line Drive, 8LM)
Batting: RHB Javier Hernández 0-0: SINGLE (Line Drive, 89M)
Batting: SHB Bob Noble 0-0: Ball
1-0: Swinging Strike
1-1: Called Strike
1-2: Strikes out swinging
Batting: RHB Jesse Nelson 0-0: Ball
1-0: Called Strike
1-1: Called Strike
1-2: Strikes out looking
Top of the 3rd over - 0 run(s), 1 hit(s), 0 error(s), 1 left on base; Bemidji 0 - Manhatten 0
BOTTOM OF THE 3RD
Manhatten Meatheads batting - Pitching for Bemidji Benders : RHP Sixto Santiago
Batting: RHB Greg Lee 0-0: Swinging Strike
0-1: Called Strike
0-2: Strikes out looking
Batting: RHB Denver Baker 0-0: SINGLE (Line Drive, 89M)
Batting: SHB Will Evans 0-0: Called Strike
0-1: Foul Ball, location: 2F
0-2: Ball
1-2: Ball
2-2: Grounds into double play, 4-6-3 (Groundball, 4)
Bottom of the 3rd over - 0 run(s), 1 hit(s), 0 error(s), 0 left on base; Bemidji 0 - Manhatten 0
TOP OF THE 4TH
Bemidji Benders batting - Pitching for Manhatten Meatheads : LHP Juan Mendoza
Batting: RHB Júlio Valdés 0-0: Ball
1-0: Fly out, F8 (Flyball, 8LS)
Batting: LHB Jesús Raugel 0-0: Ball
1-0: Foul Ball, location: 2F
1-1: Swinging Strike
1-2: Strikes out swinging
Batting: RHB Gabriel Stout 0-0: Ball
1-0: Swinging Strike
1-1: Foul Ball, location: 2F
1-2: Strikes out swinging
Top of the 4th over - 0 run(s), 0 hit(s), 0 error(s), 0 left on base; Bemidji 0 - Manhatten 0
BOTTOM OF THE 4TH
Manhatten Meatheads batting - Pitching for Bemidji Benders : RHP Sixto Santiago
Batting: RHB Alfredo Díaz 0-0: Called Strike
0-1: Ball
1-1: Ball
2-1: Ball
3-1: Foul Ball, location: 2F
3-2: Foul Ball, location: 2F
3-2: Base on Balls
Batting: RHB Juan Reyes 0-0: Ball
1-0: Ball
2-0: Called Strike
2-1: Foul Ball, location: 2F
2-2: SINGLE (Line Drive, 4M)
Alfredo Díaz to second
Batting: RHB Adrián López 0-0: Ball
1-0: Ball
2-0: Called Strike
2-1: Called Strike
2-2: Strikes out swinging
Batting: SHB Kent Phillips 0-0: Ball
1-0: Grounds into double play, U6-3 (Groundball, 6M)
Bottom of the 4th over - 0 run(s), 1 hit(s), 0 error(s), 1 left on base; Bemidji 0 - Manhatten 0
TOP OF THE 5TH
Bemidji Benders batting - Pitching for Manhatten Meatheads : LHP Juan Mendoza
Batting: LHB Tony O'Bryan 0-0: Called Strike
0-1: Ball
1-1: Swinging Strike
1-2: Ball
2-2: Foul Ball, location: 2F
2-2: Fly out, F8 (Flyball, 89XD)
Batting: LHB Raúl Morales 0-0: Ball
1-0: Called Strike
1-1: Called Strike
1-2: Ball
2-2: Foul Ball, location: 2F
2-2: DOUBLE (Line Drive, 3L)
Batting: RHB Roberto Solís 0-0: Called Strike
0-1: Called Strike
0-2: Foul Ball, location: 2F
0-2: Ball
1-2: Foul Ball, location: 2F
1-2: Fly out, F9 (Flyball, 9LM)
Batting: RHB Javier Hernández 0-0: Called Strike
0-1: Ball
Wild Pitch!
Raúl Morales to third
1-1: Called Strike
1-2: Strikes out swinging
Top of the 5th over - 0 run(s), 1 hit(s), 0 error(s), 1 left on base; Bemidji 0 - Manhatten 0
BOTTOM OF THE 5TH
Manhatten Meatheads batting - Pitching for Bemidji Benders : RHP Sixto Santiago
Batting: SHB Vitaliano Capuana 0-0: Ball
1-0: Foul Ball, location: 2F
1-1: Ground out 4-3 (Groundball, 13)
Batting: RHB Mark McDonald 0-0: SINGLE (Groundball, 56D)
Batting: RHB Greg Lee 0-0: Foul Ball, location: 2F
0-1: Ball
1-1: SINGLE (Flyball, 9S)
Mark McDonald to second
Throwing error, E9
Mark McDonald scores
Greg Lee to second
Batting: RHB Denver Baker 0-0: Ball
1-0: Foul Ball, location: 2F
1-1: Ball
2-1: Swinging Strike
Passed Ball!
Greg Lee to third
2-2: SINGLE (Groundball, 3)
Greg Lee scores
Batting: SHB Will Evans 0-0: Swinging Strike
0-1: Called Strike
0-2: Ball
1-2: Ball
2-2: Strikes out looking
Batting: RHB Alfredo Díaz 0-0: Called Strike
0-1: Ball
1-1: Ball
2-1: Ball
3-1: Base on Balls
Denver Baker to second
Batting: RHB Juan Reyes 0-0: Called Strike
0-1: Ball
1-1: SINGLE (Groundball, 56D)
Denver Baker to third
Alfredo Díaz to second
Runner from 3rd tries for Home, SAFE, no throw or cutoff
Batting: RHB Adrián López 0-0: Called Strike
0-1: Ball
1-1: Ball
2-1: Swinging Strike
2-2: Strikes out looking
Bottom of the 5th over - 3 run(s), 4 hit(s), 1 error(s), 2 left on base; Bemidji 0 - Manhatten 3
TOP OF THE 6TH
Bemidji Benders batting - Pitching for Manhatten Meatheads : LHP Juan Mendoza
Batting: SHB Bob Noble 0-0: Called Strike
0-1: Foul Ball, location: 2F
0-2: TRIPLE (Line Drive, 5L)
Batting: RHB Jesse Nelson 0-0: Ball
1-0: Ball
2-0: Fly out, F7 (Flyball, 7LS)
Runner from 3rd tags up, SCORES, throw made
Batting: RHB Júlio Valdés 0-0: Ball
1-0: Foul Ball, location: 2F
1-1: Foul Ball, location: 2F
1-2: Strikes out swinging
Batting: LHB Jesús Raugel 0-0: Ball
1-0: Ball
2-0: Ball
3-0: Called Strike
3-1: Foul Ball, location: 2F
3-2: Fly out, F5 (Popup, 5F)
Top of the 6th over - 1 run(s), 1 hit(s), 0 error(s), 0 left on base; Bemidji 1 - Manhatten 3
BOTTOM OF THE 6TH
Manhatten Meatheads batting - Pitching for Bemidji Benders : RHP Sixto Santiago
Batting: SHB Kent Phillips 0-0: Called Strike
0-1: SINGLE (Groundball, 34D)
Batting: SHB Vitaliano Capuana 0-0: Ball
1-0: Ball
2-0: Ball
3-0: Base on Balls
Kent Phillips to second
Pitching: RHP Ralph Oliver
Batting: RHB Mark McDonald 0-0: Foul Ball, location: 2F
0-1: Fielders Choice at 2nd, 3-6 (Groundball, 3)
Kent Phillips to third
Batting: RHB Greg Lee 0-0: Called Strike
Mark McDonald steals 2nd base
0-1: Swinging Strike
0-2: Ball
1-2: Ball
2-2: Ball
3-2: Base on Balls
Batting: RHB Denver Baker 0-0: Called Strike
0-1: Swinging Strike
0-2: Ball
1-2: Ball
2-2: Foul Ball, location: 2F
2-2: Strikes out looking
Batting: SHB Will Evans 0-0: Ball
1-0: Foul Ball, location: 2F
1-1: Swinging Strike
1-2: Ground out U3 (Groundball, 3)
Bottom of the 6th over - 0 run(s), 1 hit(s), 0 error(s), 3 left on base; Bemidji 1 - Manhatten 3
TOP OF THE 7TH
Bemidji Benders batting - Pitching for Manhatten Meatheads : LHP Juan Mendoza
Batting: RHB Gabriel Stout 0-0: Foul Ball, location: 2F
0-1: Ground out 5-3 (Groundball, 5)
Batting: LHB Tony O'Bryan 0-0: Called Strike
0-1: Called Strike
0-2: Strikes out swinging
Batting: LHB Raúl Morales Reached via error on a dropped throw, E3
Pitching: LHP Dave Blackwell
Batting: RHB Roberto Solís 0-0: Ball
1-0: Swinging Strike
1-1: Ball
2-1: Called Strike
2-2: Strikes out swinging
Top of the 7th over - 0 run(s), 0 hit(s), 1 error(s), 1 left on base; Bemidji 1 - Manhatten 3
BOTTOM OF THE 7TH
Manhatten Meatheads batting - Pitching for Bemidji Benders : RHP Ralph Oliver
Batting: RHB Alfredo Díaz 0-0: Ball
1-0: Ball
2-0: Ground out 1-3 (Groundball, 15)
Batting: RHB Juan Reyes 0-0: Foul Ball, location: 2F
0-1: Ball
1-1: Ball
2-1: Ball
3-1: Base on Balls
Batting: RHB Adrián López Single, Error in OF, E8, batter to second base
Juan Reyes to third
Batting: SHB Kent Phillips 0-0: Ball
1-0: Called Strike
1-1: Foul Ball, location: 2F
1-2: Ball
2-2: Strikes out swinging
Batting: SHB Vitaliano Capuana 0-0: Ball
1-0: Ball
2-0: Ball
3-0: Base on Balls
Pinch Hitting: RHB Ramón Ybarra 0-0: Called Strike
0-1: Ball
1-1: Fly out, F4 (Line Drive, 34)
Bottom of the 7th over - 0 run(s), 1 hit(s), 1 error(s), 3 left on base; Bemidji 1 - Manhatten 3
TOP OF THE 8TH
Bemidji Benders batting - Pitching for Manhatten Meatheads : LHP Dave Blackwell
Now at 3B: Ramón Ybarra
Batting: RHB Javier Hernández 0-0: Swinging Strike
0-1: Called Strike
0-2: Ball
1-2: Ball
2-2: Ball
3-2: Foul Ball, location: 2F
3-2: Strikes out looking
Batting: SHB Bob Noble 0-0: Swinging Strike
0-1: Ball
1-1: Foul Ball, location: 2F
1-2: Foul Ball, location: 2F
1-2: Strikes out swinging
Batting: RHB Jesse Nelson 0-0: Foul Ball, location: 2F
0-1: Ball
1-1: Ball
2-1: SINGLE (Line Drive, 7S)
Pitching: RHP Salvador De Jesús
Batting: RHB Júlio Valdés 0-0: Foul Ball, location: 2F
0-1: Swinging Strike
0-2: Ball
1-2: Foul Ball, location: 2F
1-2: SINGLE (Groundball, 4MD)
Jesse Nelson to second
Runner from 2nd tries for 3rd, SAFE, throw made to third
Júlio Valdés to second
Pitching: LHP Pedro Cruz
Pinch Hitting: RHB Juan Costello 0-0: Ball
1-0: Ball
2-0: Ball
3-0: Base on Balls
Pitching: RHP John Jones
Batting: RHB Gabriel Stout 0-0: Swinging Strike
0-1: Foul Ball, location: 2F
0-2: Ball
1-2: Foul Ball, location: 2F
1-2: Ball
2-2: Strikes out swinging
Top of the 8th over - 0 run(s), 2 hit(s), 0 error(s), 3 left on base; Bemidji 1 - Manhatten 3
BOTTOM OF THE 8TH
Manhatten Meatheads batting - Pitching for Bemidji Benders : RHP Ralph Oliver
Pitching: LHP Jesse Payne
Now in LF: Jeff Mason
Batting: RHB Greg Lee 0-0: Ball
1-0: Ground out 6-3 (Groundball, 6)
Batting: RHB Denver Baker 0-0: Foul Ball, location: 2F
0-1: Foul Ball, location: 2F
0-2: Ground out 3-1 (Groundball, 34)
Batting: SHB Will Evans 0-0: Ball
1-0: Called Strike
1-1: Ball
2-1: Called Strike
2-2: Strikes out swinging
Bottom of the 8th over - 0 run(s), 0 hit(s), 0 error(s), 0 left on base; Bemidji 1 - Manhatten 3
TOP OF THE 9TH
Bemidji Benders batting - Pitching for Manhatten Meatheads : RHP John Jones
Pitching: RHP Doug Cole
Batting: LHB Tony O'Bryan 0-0: Swinging Strike
0-1: SINGLE (Groundball, 4MD)
Batting: LHB Raúl Morales 0-0: Ball
1-0: Foul Ball, location: 2F
1-1: Ball
2-1: Fly out, F3 (Popup, 3S)
Batting: RHB Roberto Solís 0-0: Swinging Strike
0-1: Called Strike
0-2: Foul Ball, location: 2F
0-2: Foul Ball, location: 2F
0-2: Strikes out swinging
Batting: RHB Javier Hernández 0-0: Called Strike
0-1: Foul Ball, location: 2F
0-2: Ground out 5-3 (Groundball, 5S)
Top of the 9th over - 0 run(s), 1 hit(s), 0 error(s), 1 left on base; Bemidji 1 - Manhatten 3
This league is powered by Out of the Park Baseball, the baseball management simulation game for PC, Mac and Linux
Saturday, April 9th, 2016 - OOTP Baseball 16.8 Build 38